 Dungeon Crawl Stone Soup version 0.21-a0-49-g7bf2ba4 (webtiles) character file.

51 roguesci the Insei (level 3, -1/18 HPs)
             Began as a Vine Stalker Transmuter on June 9, 2017.
             Engulfed by a cloud of flame (12 damage)
             ... on level 2 of the Dungeon.
             The game lasted 00:03:49 (1800 turns).

roguesci the Insei (Vine Stalker Transmuter)        Turns: 1800, Time: 00:03:50

Health: -1/18      AC:  3    Str: 12    XL:     3   Next: 83%
Magic:  0/7        EV: 12    Int: 14    God:
Gold:   67         SH:  0    Dex: 14    Spells: 2/6 levels left

rFire    . . .     SeeInvis .     - Unarmed
rCold    . . .     Gourm    .   (no shield)
rNeg     . . .     Faith    .   b - +1 robe
rPois    .         Spirit   +   (no helmet)
rElec    .         Reflect  .   (no cloak)
rCorr    .         Harm     .   (no gloves)
MR       .....                  (no boots)
Stlth    ++........             (no amulet)
Regen    0.1/turn               (no ring)
MPRegen  0.1/turn               (no ring)

@: no status effects
A: fangs 2, magic shield, antimagic bite, no potion heal 3, rot immunity
a: no special abilities


You were on level 2 of the Dungeon.
You were not hungry.

You visited 1 branch of the dungeon, and saw 2 of its levels.

You collected 67 gold pieces.

Inventory:

Missiles
 a - 12 arrows
 k - 26 stones (quivered)
Armour
 b - a +1 robe (worn)
 m - a -2 helmet
Scrolls
 e - 2 scrolls of enchant armour
 i - 2 scrolls of recharging
 r - a scroll of identify
Potions
 h - a potion of mutation {unknown}
 j - a potion of ambrosia {unknown}
 p - a potion of curing
 q - a potion of agility {unknown}
 s - a potion of brilliance {unknown}
Books
 c - a book of Changes

   Spells                             Type                      Level
   a - Beastly Appendage              Transmutation                1
   b - Sticks to Snakes               Transmutation                2
   c - Spider Form                    Transmutation/Poison         3
   d - Ice Form                       Ice/Transmutation            4
   e - Blade Hands                    Transmutation                5
Comestibles
 d - 3 bread rations
 f - a meat ration
 g - a royal jelly
 o - 3 fruits
 t - 2 chunks of flesh


   Skills:
 * Level 1.5 Fighting
 * Level 2.2 Dodging
 + Level 0.6 Stealth
 + Level 3.2 Unarmed Combat
 + Level 2.2 Spellcasting
 + Level 2.4 Transmutations
 * Level 0.8 Poison Magic


You had 2 spell levels left.
You knew the following spells:

 Your Spells              Type           Power        Failure   Level  Hunger
a - Beastly Appendage     Tmut           #.....       9%          1    #......
b - Spider Form           Tmut/Pois      #.........   34%         3    ###....


Dungeon Overview and Level Annotations

Branches:
Dungeon (2/15)

Altars:


Innate Abilities, Weirdness & Mutations

You have extremely sharp teeth.
When hurt, damage is shared between your health and your magic reserves.
Your bite disrupts and absorbs the magic of your enemies.
Potions cannot restore your health.
You are immune to rotting.


Message History

The rat closely misses you.
A kobold comes into view.
The kobold shouts!
You hit the kobold but do no damage.
The kobold moves out of view.
The kobold barely misses you. The rat bites you but does no damage.
You closely miss the kobold. Your bite misses the kobold.
The kobold hits you but does no damage. The rat bites you but does no damage.
You hit the kobold but do no damage. You bite the kobold, but do no damage.
The rat misses you.
The kobold drinks a potion.
The kobold seems to grow stronger.
You hit the kobold. You bite the kobold. You drain its power.
The kobold is severely wounded.
You hit the kobold.
You kill the kobold!
The rat bites you but does no damage.
You barely miss the rat. You bite the rat. You drain its power.
The rat explodes!
The fiery explosion engulfs you!
You are engulfed in blazing flames.
Ouch! That really hurt!
You die...

#.##..# ... .........
..#...####....<......
............. ......
............. ....
.............. ... .
..........# #.##K# .
..........# #%.>.#.# .
..........# ##)@#.#..
..........####..§§§.....
................§§§.....
........................
............#....###(...
..................##....
.................)......
............)...........
......................


You could see a kobold.

Vanquished Creatures
  An adder (D:2)
  A dart slug (D:2)
  2 leopard geckos (D:1)
  2 giant cockroaches (D:2)
  3 goblins
  4 hobgoblins (D:1)
  3 jackals (D:1)
  7 kobolds
  6 bats (D:1)
  A frilled lizard (D:1)
  5 rats
35 creatures vanquished.

Notes
Turn   | Place    | Note
-------+----------+-------------------------------------------
     0 | D:1      | roguesci the Vine Stalker Transmuter began the quest for the Orb.
     0 | D:1      | Reached XP level 1. HP: 9/9 MP: 4/4
   293 | D:1      | Reached XP level 2. HP: 7/14 MP: 6/6
   763 | D:1      | Reached skill level 1 in Fighting
  1030 | D:1      | Reached XP level 3. HP: 11/18 MP: 3/7
  1072 | D:1      | Learned a level 3 spell: Spider Form
  1468 | D:2      | Found a faded altar of an unknown god.
  1800 | D:2      | Engulfed by a cloud of flame

Vault maps used:
D:1:      grunt_arrival_lava_bath
D:2:      chequers_ecumenical_altar_twisty

Skill      XL: |  1  2 |
---------------+-------+-----
Fighting       | 1 |  1.5
Dodging        | 2 |  2.2
Stealth        | |  0.6
Unarmed Combat | |  3.2
Spellcasting   | |  2.2
Transmutations | |  2.4
Poison Magic   | |  0.8

Action                   || total
-------------------------++-------
Melee: Unarmed           ||    88
       Bite              ||    17
       Headbutt          ||     3
       Punch             ||     1
 Cast: Beastly Appendage ||     3
       Spider Form       ||     2
 Abil: End Transformatio ||     1
  Use: Scroll            ||     5
       Potion            ||     1
  Eat: Chunk             ||     3
Armor: Robe              ||    17
Dodge: Dodged            ||    68
